 Dungeon Crawl Stone Soup version 0.22-a0-305-gd21a89c (webtiles) character file.

98 Amnesiac the Magician (level 4, 0/21 HPs)
             Began as a Spriggan Enchanter on Mar 29, 2018.
             Slain by a bat (1 damage)
             ... on level 2 of the Dungeon.
             The game lasted 00:04:23 (2196 turns).

Amnesiac the Magician (Spriggan Enchanter)          Turns: 2196, Time: 00:04:24

Health: 0/21       AC:  2    Str:  4    XL:     4   Next: 43%
Magic:  0/11       EV: 18    Int: 17    God:
Gold:   100        SH:  0    Dex: 16    Spells: 3/12 levels left

rFire    . . .     SeeInvis +   a - +1 dagger
rCold    . . .     Gourm    .   (shield restricted)
rNeg     . . .     Faith    .   b - +0 robe
rPois    .         Spirit   .   (helmet restricted)
rElec    .         Reflect  .   (no cloak)
rCorr    .         Harm     .   (gloves unavailable)
MR       .....                  (boots unavailable)
Stlth    +++.......             (no amulet)
HPRegen  0.07/turn              (no ring)
MPRegen  0.12/turn              (no ring)

@: very quick
A: very small, unfitting armour, see invisible, herbivore, speed 3, slow
metabolism 2
a: no special abilities


You were on level 2 of the Dungeon.
You were not hungry.

You visited 1 branch of the dungeon, and saw 2 of its levels.

You collected 100 gold pieces.

Inventory:

Hand Weapons
 a - a +1 dagger (weapon)
Missiles
 i - 2 throwing nets (quivered)
Armour
 b - a +0 robe (worn)
Scrolls
 c - a scroll of amnesia {!r, unknown}
 e - 2 scrolls of enchant armour {!r, unknown}
 f - 4 scrolls of identify {!r, unknown}
 h - 2 scrolls of teleportation {!r, unknown}
Potions
 g - a potion of curing {!q, unknown}
 j - a potion of flight {!q, unknown}
 k - a potion of heal wounds {!q, unknown}
Comestibles
 d - 3 rations


   Skills:
 + Level 2.5 Short Blades
 - Level 3.0 Dodging
 - Level 4.4 Stealth
 + Level 4.5 Spellcasting
 + Level 4.4 Hexes


You had 3 spell levels left.
You knew the following spells:

 Your Spells              Type           Power        Failure   Level  Hunger
a - Ensorcelled Hibernat  Hex/Ice        ##....       9%          2    ##.....
b - Corona                Hex            ###....      2%          1    None
e - Confuse               Hex            ###.....     7%          3    ###....
w - Tukima's Dance        Hex            ###.....     7%          3    ###....


Dungeon Overview and Level Annotations

Branches:
Dungeon (2/15)

Altars:

Annotations:
D:2 Terence


Innate Abilities, Weirdness & Mutations

You are very small and have problems with some larger weapons.
You are too small for most types of armour.
You have supernaturally acute eyesight. (SInv)
You are a herbivore.
You cover ground extremely quickly.
You need to consume almost no food.


Message History

* * * LOW HITPOINT WARNING * * *
You hit the jackal but do no damage.
The jackal is heavily wounded.
The jackal misses you. x2
You barely miss the jackal.
The jackal is heavily wounded.
The jackal bites you.
* * * LOW HITPOINT WARNING * * *
You barely miss the jackal.
The jackal is heavily wounded.
The jackal misses you.
Found a stone staircase leading down.
Found a stone staircase leading up.
The jackal pauses to sniff the ground.
Casting: Ensorcelled Hibernation (safe; 9% risk of failure)
Confirm with . or Enter, or press ? or * to list all spells.
You don't have enough magic to cast that spell.
Terence the Incautious comes into view.
He is wielding a mace.
Casting: Ensorcelled Hibernation (safe; 9% risk of failure)
Confirm with . or Enter, or press ? or * to list all spells.
Aiming: Ensorcelled Hibernation (safe; 9% risk of failure)
Press: ? - help, Shift-Dir - straight line, f/p - jackal
Aim: a jackal (heavily wounded, chance to defeat MR: 60%)
The jackal resists with significant effort.
The jackal completely misses you.
Unknown command.
A bat comes into view.
The bat closely misses you.
Your magical contamination has completely faded away.
You closely miss the bat. The bat misses you.
You closely miss the bat. The bat barely misses you. The jackal misses you.
The bat barely misses you. The bat completely misses you. The bat misses you.
A leopard gecko and a rat come into view.
The bat misses you.
Casting: Ensorcelled Hibernation (safe; 9% risk of failure)
Confirm with . or Enter, or press ? or * to list all spells.
You don't have enough magic to cast that spell.
You barely miss the bat. The bat closely misses you. The bat misses you.
You hit the bat but do no damage. The bat hits you.
* * * LOW HITPOINT WARNING * * *
The bat misses you. The rat bites you.
* * * LOW HITPOINT WARNING * * *
The bat hits you but does no damage. The bat misses you.
You hit the bat.
The bat is moderately wounded.
The bat misses you.
You hit the rat.
You kill the rat!
The bat misses you. The bat hits you but does no damage.
Casting: Ensorcelled Hibernation (safe; 9% risk of failure)
Confirm with . or Enter, or press ? or * to list all spells.
Aiming: Ensorcelled Hibernation (safe; 9% risk of failure)
Press: ? - help, Shift-Dir - straight line, f/p - jackal
Aim: a jackal (moderately wounded, chance to defeat MR: 60%)
The bat resists with significant effort.
The bat hits you.
* * * LOW HITPOINT WARNING * * *
The bat closely misses you.
You hit the bat.
The bat is severely wounded.
The bat hits you.
You die...

###### #....# #.##.#
#.##.#######
#.##.......#
#.########.########
#.#... #.#hb@...#
#.#.####.#.#.##...#
###........#........#
.....>#....###.#..#.#
####..# .@# .....#.#
.....< #.#...## #
.....## #.##.##
.####... l .. . ..##.
###


You could see a jackal and a bat.

Vanquished Creatures
  Robin (D:2)
  A gnoll (D:1)
  An adder (D:2)
  An ooze (D:1)
  2 dart slugs
  A leopard gecko (D:1)
  5 giant cockroaches
  10 goblins
  8 hobgoblins
  6 jackals (D:2)
  2 kobolds
  2 ball pythons (D:1)
  4 bats
  4 frilled lizards (D:1)
  5 rats
53 creatures vanquished.

Notes
Turn   | Place    | Note
-------+----------+-------------------------------------------
     0 | D:1      | Amnesiac the Spriggan Enchanter began the quest for the Orb.
     0 | D:1      | Reached XP level 1. HP: 9/9 MP: 5/5
   341 | D:1      | Reached XP level 2. HP: 13/13 MP: 5/7
   345 | D:1      | Learned a level 2 spell: Ensorcelled Hibernation
   841 | D:1      | Reached XP level 3. HP: 16/16 MP: 9/9
  1391 | D:1      | Learned a level 3 spell: Confuse
  1395 | D:1      | Learned a level 3 spell: Tukima's Dance
  1443 | D:2      | Noticed Robin
  1534 | D:2      | Killed Robin
  1693 | D:2      | Reached XP level 4. HP: 21/21 MP: 3/11
  2163 | D:2      | Noticed Terence
  2195 | D:2      | HP: 1/21 [bat (1)]
  2196 | D:2      | Slain by a bat

Vault maps used:
D:1:      scummos_arrival_simple_fountains
D:2:      old_standard_altar, minmay_misc_feat_room, uniq_robin, uniq_terence

Skill      XL: |  1  2  3 |
---------------+----------+-----
Spellcasting   | 3 4 |  4.5
Hexes          | 4 |  4.4
Short Blades   | 2 |  2.5
Dodging        | |  3.0
Stealth        | |  4.4

Action                   |  1- 3 |  4- 6 || total
-------------------------+-------+-------++-------
Melee: Dagger            |    86 |    57 ||   143
 Cast: Corona            |     5 |       ||     5
       Ensorcelled Hiber |    31 |    19 ||    50
       Confuse           |     1 |       ||     1
 Stab: Sleeping          |    26 |    10 ||    36
       Confused          |     1 |       ||     1
  Eat: Ration            |       |     1 ||     1
Armor: Robe              |     5 |     7 ||    12
Dodge: Dodged            |    82 |    61 ||   143

Table legend:
 A = Spawn XP
 B = Non-spawn XP
 C = Spawn XP percentage of total XP
 D = Spawn monster count
 E = Non-spawn monster count
 F = Spawn count percentage of total count
 G = Total turns spent on level
                    A         B        C        D         E        F      G
               +---------+---------+-------+---------+---------+-------+---------
         Total |       0 |     140 |   0.0 |       0 |      53 |   0.0 |  2196
               +---------+---------+-------+---------+---------+-------+---------
           D:1 |       0 |      76 |   0.0 |       0 |      33 |   0.0 |  1667
           D:2 |       0 |      64 |   0.0 |       0 |      20 |   0.0 |   529
               +---------+---------+-------+---------+---------+-------+---------
